cohdb
Replays
Latest Replays
All Replays
Popular Replays
Top Player Replays
Match Explorer
How It Works
Community
CoH3 Stats
Reddit
Sign in to upload your games and track your stats! →
Sign in with Steam
Match 39121743
Unlisted
Match 39121743
Overview
Messages
Build Orders
End
Construct Barracks
Engineer Squad
Selects Armored Battlegroup
Riflemen Squad
M1 Mortar Team
Grenade Package
Construct Medical Station
Mechanized Support Center
Selects Veteran Crews
Riflemen Squad
Construct Motor Pool
Engineer Squad
Selects M31 Recovery Vehicle
M1 Anti-tank Gun Team
Riflemen Squad
.30 cal Machine Gun
M1918 Browning Automatic Rifles
Construct Tank Depot
M4A1 Sherman Medium Tank
TioFreak
walesxu
The sexy Ginger
rangeman
Nuclear Viking
Stug Life
CPU_Eazy
爱打游戏的啥子
0
0
Comments
sign in to comment!
No comments posted yet!